 Dungeon Crawl Stone Soup version 0.31-a0-237-g2d982f9f85 (webtiles) character file.

Game seed: 4557205338290018071

170 qw the Shooter (level 5, 0/45 HPs)
             Began as a Minotaur Hexslinger on July 10, 2023.
             Slain by an orc
             ... wielding a +0 trident
              (6 damage)
             ... on level 3 of the Dungeon.
             The game lasted 00:00:48 (2246 turns).

qw the Shooter (Minotaur Hexslinger)                Turns: 2246, Time: 00:00:48

Health: 0/45       AC:  5    Str: 12    XL:     5   Next: 26%
Magic:  5/5        EV: 11    Int: 10    God:
Gold:   143        SH:  0    Dex: 15    Spells: 5/6 levels left

rFire   . . .        Y - +2 sling
rCold   . . .        (no shield)
rNeg    . . .        e - +0 ring mail
rPois   .            (helmet restricted)
rElec   .            (no cloak)
rCorr   .            (no gloves)
SInv    .            (no boots)
Will    .....        (no amulet)
Stlth   +            (no ring)
HPRegen 0.27/turn    (no ring)
MPRegen 0.09/turn

%: no passive effects
@: no status effects
A: horns 2, retaliatory headbutt
a: no special abilities


You were on level 3 of the Dungeon.
You visited 1 branch of the dungeon, and saw 3 of its levels.

You collected 143 gold pieces.


Innate Abilities, Weirdness & Mutations

You have a pair of horns on your head.
You reflexively headbutt those who attack you in melee.


   Skills:
 - Level 3.1 Fighting
 + Level 5.2 Ranged Weapons
 - Level 1.1 Armour
 - Level 2.1 Dodging
 - Level 1.0 Spellcasting
 - Level 2.0 Hexes


You had 5 spell levels left.
You knew the following spells:

 Your Spells              Type           Power      Damage    Failure   Level
a - Slow                  Hex            16%        N/A       34%         1

Your spell library contained the following spells:

 Spells                   Type           Power      Damage    Failure   Level
 Inner Flame              Hex/Fire       2%         N/A       83%         3
 Portal Projectile        Hex/Tloc       4%         N/A       83%         3
 Cause Fear               Hex            2%         N/A       98%         4

Inventory:

Hand Weapons
 Y - a +2 sling (weapon)
Armour
 e - a +0 ring mail (worn)
Scrolls
 d - a scroll of identify
 f - a scroll of brand weapon {unknown}
Potions
 a - a potion of cancellation {unknown}
 b - a potion of curing {unknown}
 c - a potion of experience {unknown}
 g - a potion of haste {unknown}

Dungeon Overview and Level Annotations

Branches:
Dungeon (3/15)

Altars:
Ashenzari
Zin

Shops:
D:1 [

Annotations:
D:1 2 runed translucent doors


Message History

You shoot a sling bullet.
The sling bullet closely misses the orc.
The orc hits you with a +0 whip. The orc hits you with a +0 mace.
The orc closely misses you.
You shoot a sling bullet. The sling bullet hits the orc.
The orc is heavily wounded.
The orc hits you with a +0 mace. The orc hits you but does no damage.
The orc barely misses you.
You shoot a sling bullet. The sling bullet hits the orc.
The orc is heavily wounded.
The orc hits you with a +0 whip. The orc misses you. You furiously retaliate!
You headbutt the orc.
The orc hits you from afar with a +0 trident.
You shoot a sling bullet. The sling bullet hits the orc!
You kill the orc!
The orc misses you. The orc completely misses you. You furiously retaliate!
You headbutt the orc. The orc completely misses you.
The orc hits you from afar with a +0 trident.
You shoot a sling bullet. The sling bullet hits the orc!
You kill the orc!
The orc hits you from afar with a +0 trident.
You shoot a sling bullet.
The sling bullet hits the orc but does no damage.
The orc hits you but does no damage.
You shoot a sling bullet.
The sling bullet closely misses the orc.
The orc hits you but does no damage.
You shoot a sling bullet.
The sling bullet closely misses the orc.
The orc barely misses you. x2
You shoot a sling bullet.
The sling bullet hits the orc but does no damage.
The orc barely misses you.
You shoot a sling bullet.
The sling bullet closely misses the orc.
The orc barely misses you.
You shoot a sling bullet.
The sling bullet hits the orc but does no damage.
The orc hits you from afar with a +0 trident. x2
You die...

# #.###...## ###.#
##'## ... ....# #.#
... ########.# ..
#......#.## ..
#.####....## %#
...# #.....# o#
#..###....#######)#
#..##...........@)#
.......#.##########
#..###.#.#
...###.#.#
#......#.#
########.# #.# #.#
#.#


You could see an orc.

Vanquished Creatures
  A hound (D:3)
  An iguana (D:3)
  4 gnolls (D:3)
  An adder (D:2)
  2 worms
  2 dart slugs
  4 orcs (D:3)
  4 bats
  7 endoplasms
  2 giant cockroaches (D:2)
  7 hobgoblins
  3 jackals (D:3)
  4 kobolds
  3 ball pythons
  A frilled lizard (D:1)
  4 goblins
  3 rats
53 creatures vanquished.

Notes
Turn   | Place    | Note
-------+----------+-------------------------------------------
     0 | D:1      | qw the Minotaur Hexslinger began the quest for the Orb.
     0 | D:1      | Reached XP level 1. HP: 16/16 MP: 1/1
     0 | D:1      | 0 ||| qw: Version: 0.3-a-52-g30416fa
     0 | D:1      | 0 ||| qw: Game counter: 5389
     0 | D:1      | 0 ||| qw: Melee chars always use a shield: true
     0 | D:1      | 0 ||| qw: God list: Okawaru
     0 | D:1      | 0 ||| qw: Allow faded altars: false
     0 | D:1      | 0 ||| qw: Do Orc after clearing Dungeon:15 true
     0 | D:1      | 0 ||| qw: Do second Lair branch before Depths: true
     0 | D:1      | 0 ||| qw: Lair rune preference: random
     0 | D:1      | 0 ||| qw: Goals: Normal
     0 | D:1      | 0 ||| PLANNING D:1-11
   110 | D:1      | Found a large runed translucent door.
   110 | D:1      | Found a large runed translucent door.
   110 | D:1      | Noticed an ogre
   110 | D:1      | Noticed an ogre
   112 | D:1      | Noticed an ogre
   121 | D:1      | Noticed an ogre
   238 | D:1      | Found Hygec Ewo's Antique Armour Boutique.
   241 | D:1      | 241 ||| SHOPLISTING smoking quicksilver dragon scales (1495
                  | gold, have 10).
   264 | D:1      | Reached skill level 3 in Ranged Weapons
   334 | D:1      | Reached XP level 2. HP: 23/23 MP: 2/2
   870 | D:1      | 870 ||| UPGRADING to +0 ring mail.
   880 | D:1      | 880 ||| DROPPING +0 robe.
   881 | D:1      | 881 ||| READING 2 scrolls labelled SETOLAOFAX.
   882 | D:1      | 882 ||| READING scroll labelled EKEPUN GOLELIUSAU.
   883 | D:1      | 883 ||| READING scroll labelled VOETSI SOXONUV.
   884 | D:1      | 884 ||| READING scroll labelled RUMAOT ALOI.
   885 | D:1      | 885 ||| DROPPING scroll of blinking.
   886 | D:1      | 886 ||| DROPPING scroll of poison.
  1049 | D:2      | Found a glowing silver altar of Zin.
  1111 | D:2      | Reached XP level 3. HP: 26/29 MP: 3/3
  1478 | D:2      | 1478 ||| READING scroll labelled HUIPLUVVU TAFA.
  1511 | D:3      | Reached skill level 4 in Ranged Weapons
  1601 | D:3      | Found a faded altar of an unknown god.
  1641 | D:3      | Reached skill level 1 in Armour
  1703 | D:3      | Found a broken altar of Ashenzari.
  1776 | D:3      | Reached XP level 4. HP: 32/36 MP: 4/4
  1889 | D:3      | Reached skill level 5 in Ranged Weapons
  2029 | D:3      | Reached skill level 3 in Fighting
  2029 | D:3      | Reached XP level 5. HP: 35/45 MP: 5/5
  2029 | D:3      | 2029 ||| FLEEEEING.
  2030 | D:3      | 2030 ||| FLEEEEING.
  2031 | D:3      | 2031 ||| FLEEEEING.
  2034 | D:3      | 2034 ||| FLEEEEING.
  2035 | D:3      | 2035 ||| FLEEEEING.
  2036 | D:3      | 2036 ||| FLEEEEING.
  2037 | D:3      | 2037 ||| FLEEEEING.
  2038 | D:3      | 2038 ||| FLEEEEING.
  2039 | D:3      | 2039 ||| FLEEEEING.
  2040 | D:3      | 2040 ||| FLEEEEING.
  2041 | D:3      | 2041 ||| FLEEEEING.
  2042 | D:3      | 2042 ||| FLEEEEING.
  2043 | D:3      | 2043 ||| FLEEEEING.
  2044 | D:3      | 2044 ||| FLEEEEING.
  2045 | D:3      | 2045 ||| FLEEEEING.
  2047 | D:3      | 2047 ||| FLEEEEING.
  2048 | D:3      | 2048 ||| FLEEEEING.
  2049 | D:3      | 2049 ||| FLEEEEING.
  2050 | D:3      | 2050 ||| FLEEEEING.
  2238 | D:3      | HP: 10/45 [orc/+0 whip (2)]
  2246 | D:3      | HP: 6/45 [orc/+0 trident (2)]
  2246 | D:3      | Slain by an orc

Levels and vault maps discovered:
D:1:      erik_arrival_cave_to_civilisation [erik_arrival_cave_to_temple],
          layout_basic, serial_shops, nicolae_shop_real_fake_doors
D:2:      layout_loops_cross, basic_altar
D:3:      layout_loops_corners, old_standard_altar, nicolae_ashenzari_skybound,
          shapermc_ecumenical_altar_petra, nicolae_grassy_gnolls, uniq_ijyb

Skill      XL: |  1  2  3  4 |
---------------+-------------+-----
Ranged Weapons | 3 4 5 |  5.2
Fighting       | 2 3 |  3.1
Armour         | 1 |  1.1
Dodging        | |  2.1
Spellcasting   | |  1.0
Hexes          | |  2.0

Action                     |  1- 3 |  4- 6 || total
---------------------------+-------+-------++-------
   Fire: Sling             |   111 |    60 ||   171
    Use: Scroll            |     5 |       ||     5
 Armour: Ring mail         |     9 |     8 ||    17
         Robe              |     1 |       ||     1
  Dodge: Dodged            |    35 |    25 ||    60

Table legend:
 A = Non-vault XP
 B = Vault XP
 C = Vault XP percentage of total XP
 D = Non-vault monster count
 E = Vault monster count
 F = Vault count percentage of total count
                 A         B        C        D         E       F
            +---------+---------+-------+---------+---------+-------
      Total |     186 |      58 |  23.8 |      47 |       6 |  11.3
            +---------+---------+-------+---------+---------+-------
        D:1 |      22 |       3 |  12.0 |      11 |       2 |  15.4
        D:2 |      40 |       0 |   0.0 |      14 |       0 |   0.0
        D:3 |     124 |      55 |  30.7 |      22 |       4 |  15.4
            +---------+---------+-------+---------+---------+-------
